 Dungeon Crawl Stone Soup version 0.26-a0-597-gb535b0901c (webtiles) character file.

Game seed: 12394355958515079815

301584 Brandom the Slingshot (level 22, -4/160 HPs)
             Began as a Halfling Berserker on Sept 10, 2020.
             Was the Champion of Trog.
             Killed by the raging water
             ... invoked by a water nymph
              (19 damage)
             ... on level 4 of the Shoals.
             The game lasted 03:03:04 (54748 turns).

Brandom the Slingshot (Halfling Berserker)         Turns: 54748, Time: 03:03:05

Health: -4/160     AC: 39    Str: 32    XL:     22   Next: 35%
Magic:  0/22       EV: 26    Int:  8    God:    Trog [******]
Gold:   2705       SH: 20    Dex: 27    Spells: 21/21 levels left

rFire    + + .     SeeInvis .   T - +9 quick blade (flame)
rCold    . . .     Faith    .   t - +2 kite shield {reflect}
rNeg     . . .     Spirit   +   J - +4 gold dragon scales
rPois    +         Reflect  +   L - +0 helmet of the Swamp {rC- Str+2 Slay+6}
rElec    .         Harm     .   Z - +2 cloak {Stlth+}
rCorr    .                      a - +2 pair of gloves {Str+3}
MR       +....                  (no boots)
Stlth    ..........             e - amulet of Lubroc {Spirit Str+2 Dex+4}
HPRegen  0.36/turn              g - +6 ring of strength
MPRegen  0.18/turn              o - ring "Mid Cei" {rF+ AC+4 Int+3}

@: mesmerised, very slow
A: small, mutation resistance 1
}: 1/15 runes: serpentine
a: Berserk, Trog's Hand, Brothers in Arms, Renounce Religion


You were on level 4 of the Shoals.
You worshipped Trog.
Trog was exalted by your worship.
You visited 6 branches of the dungeon, and saw 34 of its levels.
You visited the Abyss 4 times.
You also visited: Bailey, Gauntlet and Volcano.

You collected 4696 gold pieces.
You spent 1991 gold pieces at shops.

Inventory:

Hand Weapons
 j - a +1 hunting sling of venom
   (You found it on level 1 of the Dungeon)
 C - a +1 quick blade of holy wrath
   (You subdued it on level 2 of the Elven Halls)
 R - the +10 dagger of Fear {antimagic, +Rage +Fly}
   (Trog gifted it to you on level 14 of the Dungeon)

   It reduces the magical energy of the wielder, and disrupts the spells and
   magical abilities of those hit.
   Natural abilities and divine invocations are not affected.
   It lets you fly.
   It lets you go berserk.
 S - a +1 hunting sling of freezing
   (You found it on level 4 of the Shoals)
 T - a +9 quick blade of flaming (weapon)
   (Trog gifted it to you on level 9 of the Dungeon)
Missiles
 h - 116 sling bullets
 Y - 9 throwing nets (quivered) {!f}
Armour
 a - a +2 pair of gloves of strength (worn)
   (You bought it in a shop on level 2 of the Orcish Mines)
 t - a +2 kite shield of reflection (worn)
   (You took it off Donald on level 3 of the Snake Pit)
 I - a +1 pair of gloves
   (You found it on level 2 of the Snake Pit)
 J - +4 gold dragon scales (worn)
   (You found it on level 1 of the Snake Pit)
 L - the +0 helmet of the Swamp (worn) {rC- Str+2 Slay+6}
   (You found it in a Gauntlet)

   It affects your strength (+2).
   It affects your accuracy and damage with ranged weapons and melee attacks
   (+6).
   It makes you vulnerable to cold.
 Z - a +2 cloak of stealth (worn)
   (You found it on level 3 of the Dungeon)
Jewellery
 e - the amulet of Lubroc (around neck) {Spirit Str+2 Dex+4}
   (You took it off a deep elf high priest on level 3 of the Elven Halls)

   [amulet of guardian spirit]

   It causes incoming damage to be split between your health and magic.
   It affects your strength (+2).
   It affects your dexterity (+4).
 g - a +6 ring of strength (left hand)
   (You found it on level 1 of the Dungeon)
 n - an uncursed amulet of the acrobat
   (You found it on level 2 of the Dungeon)
 o - the ring "Mid Cei" (right hand) {rF+ AC+4 Int+3}
   (You found it in a Gauntlet)

   [ring of protection]

   It affects your AC (+4).
   It affects your intelligence (+3).
   It protects you from fire.
 D - an uncursed ring of protection from fire
   (You found it on level 4 of the Shoals)
 E - the ring of the Salmon {Int+2 Dex+6}
   (You found it in a Gauntlet)

   [ring of dexterity]

   It affects your intelligence (+2).
   It affects your dexterity (+6).
 V - an uncursed ring of poison resistance
   (You found it on level 10 of the Dungeon)
Wands
 d - a wand of iceblast (25)
   (You found it on level 9 of the Dungeon)
 u - a wand of paralysis (16)
   (You took it off Ijyb on level 4 of the Dungeon)
 v - a wand of digging (1)
   (You took it off Harold on level 10 of the Dungeon)
 x - a wand of acid (20)
   (You found it on level 11 of the Dungeon)
Scrolls
 b - 2 scrolls of holy word
 k - 3 scrolls of identify {@r1}
 l - 13 scrolls of teleportation {@r4}
 s - 25 scrolls of remove curse {@r2}
 w - 8 scrolls of blinking
 y - 7 scrolls of immolation {!r}
 z - 7 scrolls of fear
 A - 4 scrolls of magic mapping
 M - 7 scrolls of enchant weapon
 Q - a scroll of summoning {unknown}
Potions
 i - 5 potions of invisibility
 m - 5 potions of lignification {!q}
 q - 4 potions of heal wounds {@q2}
 r - 6 potions of mutation {!q}
 B - 10 potions of might
 F - 5 potions of haste {@q3}
 H - 7 potions of stabbing
 K - 9 potions of flight
 N - 3 potions of cancellation
 O - 5 potions of berserk rage
 U - 15 potions of curing {@q1}
 W - 5 potions of ambrosia
 X - 4 potions of resistance
Miscellaneous
 c - a box of beasts (3/3)
   (You found it on level 1 of the Lair of Beasts)
 f - a tin of tremorstones (3/3)
   (You found it on level 3 of the Elven Halls)
 p - a lightning rod (4/4) {!a}
   (You found it on level 15 of the Dungeon)
 G - a phial of floods
   (You found it on level 3 of the Elven Halls)
 P - a condenser vane (2/2)
   (You bought it in a shop on level 13 of the Dungeon)


   Skills:
 * Level 16.1 Fighting
 + Level 12.7 Short Blades
 - Level 21.9 Slings
 + Level 18.5 Armour
 + Level 19.1 Dodging
 * Level 16.5 Shields
 + Level 12.0 Evocations


You had 21 spell levels left.
You didn't know any spells.
Your spell library was empty.

Dungeon Overview and Level Annotations

Branches:
Dungeon (15/15)            Temple (0/1) D:6            Lair (6/6) D:10
 Shoals (4/4) Lair:4        Snake (4/4) Lair:2        Slime (0/5) Lair:5
    Orc (2/2) D:11            Elf (3/3) Orc:2        Vaults (0/5) D:13
 Depths (0/5) D:15         Bailey (visited)         Volcano (visited)
Gauntlet (visited)

Altars:
Ashenzari
Cheibriados
Dithmenos
Fedhas
Makhleb
Qazlal
Uskayaw
Vehumet
Xom
Yredelemnul
The Shining One
Jiyva

Shops:
D:4 ?   D:10 *(([*   D:11 [(   D:13 !}*   Orc:2 [*!*   Elf:3 }   Shoals:2 (
Snake:1 ?   Snake:2 ?(

Annotations:
D:7 exclusion: oklob plant


Innate Abilities, Weirdness & Mutations

You are small and have problems with some larger weapons.
You are somewhat resistant to further mutation.


Message History

The monsters around you are blown away!
You violently stop moving!
The merfolk avatar chants its luring song.
The wind drake completely misses you.
The merfolk avatar chants its luring song.
The wind drake exhales a fierce blast of wind!
The water nymph and the merfolk javelineer are blown away by the wind.
You violently stop moving!
* * * LOW HITPOINT WARNING * * *
The merfolk avatar chants its luring song.
You block the water elemental's attack. You block the wind drake's attack.
The merfolk avatar chants its luring song.
The water elemental completely misses you.
You block the merfolk javelineer's attack.
You block the wind drake's attack.
The merfolk avatar chants its luring song.
You block the water elemental's attack.
The merfolk javelineer barely misses you.
The wind drake closely misses you.
The merfolk avatar chants its luring song.
The wind drake closely misses you. You block the water elemental's attack.
The merfolk javelineer barely misses you.
The wind drake exhales a fierce blast of wind!
The monsters around you are blown away!
You violently stop moving!
The merfolk avatar chants its luring song.
The wind drake flaps its wings at you. The air twists around and strikes you!
* * * LOW HITPOINT WARNING * * *
The merfolk avatar chants its luring song.
You block the wind drake's attack. You block the water elemental's attack.
The water nymph gestures at you while chanting.
The water swirls and strikes you.
You block the merfolk javelineer's attack.
The merfolk avatar chants its luring song.
You block the wind drake's attack. The water elemental closely misses you.
You block the merfolk javelineer's attack.
The wind drake exhales a fierce blast of wind!
The monsters around you are blown away!
You violently stop moving!
You block the wind drake's attack.
The merfolk avatar chants its luring song.
The water nymph points at you and mumbles some strange words.
The water swirls and strikes you!
* * * LOW HITPOINT WARNING * * *
The wind drake exhales a fierce blast of wind!
The monsters around you are blown away!
You violently stop moving!
You block the merfolk javelineer's attack.
The wind drake bites you but does no damage.
The water nymph gestures at you while chanting.
The water swirls and strikes you!!
You die...

≈≈≈≈≈≈≈≈≈≈#≈#/.≈≈..≈#....)..≈
≈≈≈≈≈≈≈≈≈≈##≈#....≈##.......≈
≈≈≈≈≈≈≈≈≈≈≈##≈≈≈≈≈##.........
≈≈≈≈≈≈≈≈≈≈≈≈#######..........
≈≈≈≈≈≈≈≈≈≈≈≈≈≈≈..≈≈..:.......
≈≈≈≈≈≈≈≈≈≈≈≈≈≈≈......≈≈≈≈..≈≈
≈≈≈≈≈≈≈≈≈≈≈≈≈≈≈......≈≈≈≈≈≈≈≈
≈≈≈≈≈≈≈≈≈≈≈≈≈k..##..≈≈≈≈≈≈≈≈≈
≈≈≈≈≈≈≈≈≈≈m≈@≈......≈≈≈≈≈≈≈≈≈
≈≈≈≈≈≈≈≈≈E≈≈≈≈≈≈≈≈≈..≈≈≈.≈≈≈≈
≈≈≈≈≈≈≈≈≈≈≈≈≈≈≈≈.≈≈≈.....≈≈≈≈
≈≈≈≈≈≈≈≈≈≈≈≈≈≈..(≈≈≈≈....≈≈≈≈
≈≈≈≈≈≈≈≈≈≈m≈≈≈≈(.≈≈......≈≈≈≈
≈≈≈≈≈≈≈≈≈≈m≈≈≈≈.≈.........≈≈≈
≈≈≈≈≈≈≈≈≈≈≈)..............,,≈
≈≈≈≈≈≈≈≈≈≈≈≈.(.....<.....,,,,
≈≈≈≈≈≈≈≈≈≈≈.............,,,,,


You could see a merfolk avatar (mesmerising), a merfolk javelineer, a wind drake
(repels missiles, catching breath), a water elemental and a water nymph.

Vanquished Creatures
  Bai Suzhen (Shoals:3)
  Vashnia (Snake:3)
  A bone dragon (Abyss:3)
  2 deep elf blademasters (Elf:3)
  2 deep elf master archers (Elf:3)
  A kraken (Shoals:2)
  Frances (Elf:1)
  2 tentacled starspawn (Abyss:3)
  An Executioner (Abyss:3)
  Donald (Snake:3)
  Ilsuiw (Shoals:2)
  9 deep elf sorcerers
  8 nagarajas
  4 deep elf elementalists (Elf:3)
  Louise (Shoals:2)
  The ghost of Reel the Severer, a journeyman DsBe of Trog (Snake:1)
  The ghost of p0werm0de the Fighter, a journeyman MiFi of Uskayaw (Orc:2)
  Nessos (Lair:6)
  4 deep elf demonologists
  A lorocyproca (Abyss:3)
  A minotaur (Gauntlet)
  4 deep elf annihilators (Elf:3)
  7 merfolk javelineers
  3 dire elephants
  Snorg (Lair:4)
  A fire dragon (Lair:6)
  5 deep elf death magi (Elf:3)
  6 merfolk impalers
  4 deep elf high priests (Elf:3)
  Harold (D:10)
  A great orb of eyes (Abyss:2)
  2 rakshasas
  16 naga warriors
  A catoblepas (D:14)
  8 hydras
  16 anacondas
  A centaur warrior (D:13)
  5 merfolk aquamancers (Shoals:4)
  4 merfolk avatars
  A satyr (Abyss:3)
  31 dancing weapons
  2 alligator snapping turtles (Shoals:4)
  8 two-headed ogres
  A tengu warrior (D:14)
  2 ogre magi
  5 shock serpents
  9 death yaks (Lair:6)
  A thrashing horror (Gauntlet)
  3 orc high priests (Orc:2)
  Urug (D:13)
  16 naga sharpshooters
  Nergalle (Orc:1)
  A hell hog (Abyss:3)
  16 deep elf knights
  2 wretched stars
  A spatial maelstrom (Abyss:3)
  A fire crab (Lair:5)
  2 sixfirhies (Abyss:3)
  5 salamander mystics
  5 unseen horrors
  8 sea snakes
  A swamp dragon (Lair:6)
  2 glowing orange brains (Abyss:3)
  10 naga ritualists
  An unseen horror (shapeshifter) (D:15)
  4 lindwurms
  10 deep elf archers
  14 harpies
  6 orc knights
  11 large abominations
  6 mana vipers
  8 orc sorcerers
  8 fauns
  9 ugly things
  An oklob plant (Lair:1)
  A wolf spider (D:15)
  11 manticores
  A shining eye (Abyss:3)
  17 slime creatures
  51 deep elf magi
  2 worldbinders (Abyss:3)
  5 cyclopes
  15 elephants
  8 merfolk sirens
  11 salamanders
  A guardian serpent (shapeshifter) (D:14)
  44 black mambas
  2 guardian serpents
  8 water nymphs
  2 molten gargoyles (Volcano)
  25 naga magi
  A torpor snail (Lair:4)
  3 smoke demons
  An orange demon (Abyss:2)
  An apocalypse crab (Abyss:2)
  3 gargoyles
  Maggie (Lair:2)
  A hellion (Abyss:2)
  6 cane toads
  A komodo dragon (shapeshifter) (Abyss:2)
  5 centaur skeletons
  8 komodo dragons
  A hellwing (Abyss:2)
  An efreet (D:15)
  A yaktaur (D:13)
  13 rime drakes
  A freezing wraith (Abyss:3)
  An ice devil (Gauntlet)
  31 merfolk
  A queen bee (Lair:4)
  5 trolls
  A wind drake (shapeshifter) (D:13)
  3 ancient zymes
  3 meliai (Lair:4)
  2 hornets (Lair:6)
  A hornet (shapeshifter) (D:15)
  A tyrant leech (Gauntlet)
  3 wind drakes
  4 blink frogs (Lair:6)
  8 dream sheep
  5 snapping turtles
  7 raiju
  20 hippogriffs
  An air elemental (Elf:3)
  38 yaks
  15 water elementals
  A vampire (Abyss:3)
  2 flying skulls (Abyss:3)
  14 wyverns
  Eustachio (D:5)
  3 ynoxinuls (Abyss:3)
  16 humans (D:13)
  13 fire bats (Volcano)
  5 basilisks
  A fire elemental (Elf:3)
  3 golden eyes (Abyss:3)
  A wraith (D:12)
  2 neqoxecs
  A chaos spawn (Abyss:2)
  3 swamp worms (Gauntlet)
  3 steam dragons (Lair:6)
  6 vampire mosquitoes
  2 spatial vortices (Abyss:3)
  Menkaure (D:5)
  An acid dragon (D:13)
  41 nagas
  A soldier ant (D:13)
  Duvessa (D:6)
  10 water moccasins
  4 hell hounds
  9 porcupines
  6 sky beasts
  An ice beast (D:15)
  A swamp drake (Lair:6)
  A hornet zombie (D:11)
  33 orc warriors
  A necrophage (D:9)
  23 small abominations
  10 ogres
  2 black bears
  6 wolves
  8 centaurs
  15 crocodiles
  7 big kobolds
  15 bullfrogs
  3 wyvern zombies
  4 earth elementals
  Dowan (D:6)
  3 wyvern skeletons
  A scorpion (D:10)
  8 jellies (D:7)
  2 water moccasin skeletons
  23 killer bees (Lair:4)
  15 wights
  5 electric eels (D:10)
  6 howler monkeys
  3 centaur zombies
  8 lava snakes (Volcano)
  13 hounds
  2 quasits
  3 bullfrog skeletons
  An iron imp (Abyss:3)
  4 starcursed masses
  14 orc priests
  29 orc wizards
  Jessica (D:2)
  Ijyb (D:4)
  5 iguanas
  9 worker ants
  2 hound skeletons
  14 adders
  4 shadow imps
  7 white imps
  15 oozes
  2 ufetubi (D:10)
  An adder zombie (D:8)
  2 adder skeletons
  8 leopard geckos
  105 orcs
  6 bats
  5 giant cockroaches
  7 hobgoblins (D:3)
  4 quokkas
  3 ball pythons
  3 frilled lizards
  4 goblins
  23 kobolds
  8 rats
  3 starspawn tentacles (Abyss:3)
  3 tentacles (Shoals:2)
1413 creatures vanquished.

Vanquished Creatures (collateral kills)
  A fire dragon (Volcano)
  An orc knight (Orc:2)
  A troll (Orc:2)
  An orc warrior (Orc:2)
  An orc (Orc:2)
5 creatures vanquished.

Vanquished Creatures (others)
  A deep elf elementalist (Elf:3)
  A water elemental (Elf:3)
  A steam dragon (Lair:6)
  An orc priest (Orc:2)
  An orc wizard (Orc:1)
  An orc (D:10)
  4 bushes (Lair:6)
  49 fungi
  75 plants
  4 starspawn tentacles (Abyss:3)
  5 tentacles (Shoals:2)
143 creatures vanquished.

Grand Total: 1561 creatures vanquished

Notes
Turn   | Place    | Note
-------+----------+-------------------------------------------
     0 | D:1      | Brandom the Halfling Berserker began the quest for the Orb.
     0 | D:1      | Reached XP level 1. HP: 15/15 MP: 1/1
   296 | D:1      | Reached XP level 2. HP: 18/20 MP: 2/2
   706 | D:1      | Reached skill level 1 in Shields
  1438 | D:2      | Found a burning altar of Makhleb.
  1439 | D:2      | Found a shadowy altar of Dithmenos.
  1439 | D:2      | Found a snail-covered altar of Cheibriados.
  1439 | D:2      | Found a glowing golden altar of the Shining One.
  1447 | D:2      | Found a radiant altar of Vehumet.
  1452 | D:2      | Found a shattered altar of Ashenzari.
  1563 | D:2      | Reached XP level 3. HP: 25/25 MP: 3/3
  1655 | D:2      | Noticed Jessica
  1663 | D:2      | Killed Jessica
  1663 | D:2      | Reached XP level 4. HP: 31/31 MP: 4/4
  2331 | D:3      | Reached ** piety under Trog
  2371 | D:3      | Reached skill level 1 in Slings
  2371 | D:3      | Reached XP level 5. HP: 16/36 MP: 5/5
  3213 | D:3      | Reached XP level 6. HP: 26/42 MP: 6/6
  3426 | D:3      | Reached skill level 2 in Slings
  3599 | D:3      | Reached skill level 5 in Short Blades
  3818 | D:3      | Reached *** piety under Trog
  4081 | D:4      | Found Zeyxkomuss's Magic Scroll Emporium.
  4087 | D:4      | Bought a scroll of teleportation for 33 gold pieces
  4087 | D:4      | Bought a scroll of identify for 22 gold pieces
  4087 | D:4      | Bought a scroll of remove curse for 33 gold pieces
  4087 | D:4      | Bought a scroll of fear for 38 gold pieces
  4087 | D:4      | Bought a scroll of magic mapping for 38 gold pieces
  4087 | D:4      | Bought a scroll of blinking for 82 gold pieces
  4222 | D:4      | Noticed Ijyb
  4222 | D:4      | Paralysed by Ijyb for 3 turns
  4231 | D:4      | Killed Ijyb
  4763 | D:5      | Entered Level 5 of the Dungeon
  4834 | D:5      | Reached XP level 7. HP: 46/46 MP: 7/7
  4903 | D:5      | Reached skill level 3 in Slings
  4925 | D:5      | Found a faded altar of an unknown god.
  4925 | D:5      | Found a basalt altar of Yredelemnul.
  4930 | D:5      | Found a stormy altar of Qazlal.
  4932 | D:5      | Found a hide-covered altar of Uskayaw.
  4934 | D:5      | Found a faded altar of an unknown god.
  5263 | D:5      | Got an ichor-stained war axe
  5264 | D:5      | Identified the cursed +1 war axe "Xom's Malicious Joy"
                  | {freeze, *Rage Str+2 Int+2} (You found it on level 5 of the
                  | Dungeon)
  5421 | D:5      | Noticed Eustachio
  5438 | D:5      | Killed Eustachio
  5438 | D:5      | Reached XP level 8. HP: 54/54 MP: 8/8
  5677 | D:5      | Noticed Menkaure
  5684 | D:5      | Killed Menkaure
  5684 | D:5      | Reached skill level 4 in Slings
  5944 | D:6      | Found a staircase to the Ecumenical Temple.
  5967 | D:6      | Reached skill level 5 in Shields
  6640 | D:5      | Reached XP level 9. HP: 29/59 MP: 9/9
  6843 | D:5      | Reached skill level 5 in Slings
  6917 | D:6      | Reached **** piety under Trog
  7199 | D:6      | Noticed Dowan
  7199 | D:6      | Noticed Duvessa
  7213 | D:6      | Killed Duvessa
  7221 | D:6      | Killed Dowan
  7221 | D:6      | Reached skill level 5 in Armour
  7676 | D:7      | Reached skill level 5 in Dodging
  7792 | D:7      | Reached skill level 6 in Slings
  7902 | D:7      | Reached skill level 5 in Fighting
  8468 | D:7      | Noticed an oklob plant
  8517 | D:7      | Reached ***** piety under Trog
  8578 | D:7      | Reached XP level 10. HP: 45/66 MP: 10/10
  9366 | D:8      | Identified a scroll of acquirement
  9366 | D:8      | Acquired a manual of Dodging
  9482 | D:8      | Found a flagged portal.
  9493 | Bailey   | Entered a bailey
  9726 | Bailey   | Reached skill level 7 in Slings
 10786 | Bailey   | Noticed an orc knight
 10903 | Bailey   | Killed an orc knight
 10903 | Bailey   | Reached skill level 10 in Short Blades
 11667 | D:8      | Reached XP level 11. HP: 68/72 MP: 11/11
 11806 | D:9      | Reached skill level 8 in Slings
 12144 | D:9      | Found a shadowy altar of Dithmenos.
 12353 | D:9      | Received a gift from Trog
 12505 | D:10     | Entered Level 10 of the Dungeon
 12772 | D:10     | Found a staircase to the Lair.
 13103 | D:10     | Found Zohakes's Antique Weapon Shoppe.
 13209 | D:10     | Found Roommiuq's Weapon Boutique.
 13214 | D:10     | Found Omiyxo's Assorted Antiques.
 13215 | D:10     | Noticed Harold
 13238 | D:10     | Killed Harold
 13238 | D:10     | Reached skill level 10 in Dodging
 13275 | D:10     | Found Ywkostri's Armour Shoppe.
 13606 | D:10     | Found Vozoqakhle's General Store.
 13611 | D:10     | Bought a scroll of identify for 22 gold pieces
 13611 | D:10     | Bought a scroll of identify for 22 gold pieces
 13611 | D:10     | Bought a scroll of identify for 22 gold pieces
 14077 | D:11     | Noticed a cyclops
 14091 | D:11     | Killed a cyclops
 14091 | D:11     | Reached skill level 9 in Slings
 14244 | D:11     | Found Kaig's Weapon Shop.
 14250 | D:11     | Found a staircase to the Orcish Mines.
 14255 | D:11     | Found Zoxut's Armour Shop.
 14589 | D:11     | Noticed a white ugly thing
 14607 | D:11     | Killed a white ugly thing
 14910 | D:11     | You fall into a shaft and drop 2 floors!
 14943 | D:13     | Noticed a white ugly thing
 14954 | D:13     | Killed a white ugly thing
 14954 | D:13     | Reached skill level 10 in Armour
 15146 | D:13     | Reached XP level 12. HP: 80/80 MP: 12/12
 15374 | D:13     | Found Ceelyxoh's Distillery.
 15563 | D:13     | Noticed a two-headed ogre
 15591 | D:13     | Killed a two-headed ogre
 15599 | D:13     | Noticed a centaur warrior
 15716 | D:13     | Reached skill level 10 in Slings
 15747 | D:13     | Killed a centaur warrior
 15899 | D:13     | Noticed Urug
 15911 | D:13     | Killed Urug
 16271 | D:13     | Found a gate to the Vaults.
 16275 | D:13     | Bought a potion of heal wounds for 85 gold pieces
 16275 | D:13     | Bought a potion of might for 68 gold pieces
 16390 | D:13     | Killed an unseen horror
 16431 | D:13     | Found Kianel's Gadget Emporium.
 16463 | D:13     | Bought a condenser vane (2/2) for 240 gold pieces
 16654 | D:13     | Reached XP level 13. HP: 81/87 MP: 13/13
 16677 | D:13     | You fall into a shaft and drop 1 floor!
 16680 | D:14     | Received a gift from Trog
 16708 | D:14     | Got a smoking dagger {god gift}
 16709 | D:14     | Identified the +10 dagger of Fear {antimagic, +Rage +Fly}
                  | (Trog gifted it to you on level 14 of the Dungeon)
 16862 | D:14     | Reached skill level 1 in Evocations
 16950 | D:14     | Noticed a catoblepas
 16950 | D:14     | Noticed an eight-headed hydra
 16983 | D:14     | Killed an eight-headed hydra
 16983 | D:14     | Reached skill level 11 in Slings
 17036 | D:14     | Killed a catoblepas
 17668 | D:14     | Reached ****** piety under Trog
 17699 | D:14     | Found a shimmering altar of Xom.
 18003 | D:14     | Noticed a three-headed hydra
 18014 | D:14     | Killed a three-headed hydra
 18018 | D:14     | Received a gift from Trog
 18074 | D:15     | Entered Level 15 of the Dungeon
 18174 | D:15     | Reached skill level 15 in Dodging
 18702 | D:14     | Reached XP level 14. HP: 95/95 MP: 14/14
 19040 | D:15     | Reached skill level 15 in Armour
 19168 | D:15     | Reached skill level 12 in Slings
 19272 | D:15     | Reached skill level 10 in Shields
 20227 | D:15     | Found a staircase to the Depths.
 20227 | D:15     | Noticed a dire elephant
 20261 | D:15     | Killed a dire elephant
 20754 | D:13     | Found Koikof's Assorted Antiques.
 21221 | D:12     | Reached skill level 5 in Evocations
 22096 | Lair:1   | Entered Level 1 of the Lair of Beasts
 22184 | Lair:1   | Found a dark tunnel.
 22193 | Volcano  | Entered a volcano
 22305 | Volcano  | Received a gift from Trog
 22779 | Volcano  | Found a burning altar of Makhleb.
 22879 | Volcano  | Reached XP level 15. HP: 102/102 MP: 15/15
 23874 | Lair:2   | Noticed Maggie
 23882 | Lair:2   | Killed Maggie
 24076 | Lair:2   | Found a staircase to the Snake Pit.
 24472 | Lair:2   | Reached skill level 13 in Slings
 24829 | Lair:3   | Found a blossoming altar of Fedhas.
 25021 | Lair:3   | Reached skill level 10 in Fighting
 25168 | Lair:3   | You fall into a shaft and drop 3 floors!
 25168 | Lair:6   | Entered Level 6 of the Lair of Beasts
 25959 | Lair:6   | Received a gift from Trog
 26658 | Lair:6   | Noticed Nessos
 26681 | Lair:6   | Killed Nessos
 26681 | Lair:6   | Reached XP level 16. HP: 102/112 MP: 16/16
 28045 | Lair:5   | Found a staircase to the Slime Pits.
 28046 | Lair:5   | Found a viscous altar of Jiyva.
 28831 | Lair:4   | Found a gate leading to a gauntlet.
 28847 | Gauntlet | Entered a Gauntlet
 28847 | Gauntlet | Found a transporter.
 28847 | Gauntlet | Found a transporter.
 28859 | Gauntlet | Found a transporter.
 28909 | Gauntlet | Got a fine steel ring
 28913 | Gauntlet | Identified the ring "Mid Cei" {rF+ AC+4 Int+3} (You found
                  | it in a Gauntlet)
 28918 | Gauntlet | Found a transporter.
 28918 | Gauntlet | Found a transporter.
 28928 | Gauntlet | Found a transporter.
 28965 | Gauntlet | Found a transporter.
 28967 | Gauntlet | Found a transporter.
 28995 | Gauntlet | Found a transporter.
 28999 | Gauntlet | Got a vibrating wooden ring
 29008 | Gauntlet | Found a transporter.
 29022 | Gauntlet | Identified the Collected Works on Igneous Stones
 29082 | Gauntlet | Found a transporter.
 29133 | Gauntlet | Got an ancient helmet
 29145 | Gauntlet | Identified the +0 helmet of the Swamp {rC- Str+2 Slay+6}
                  | (You found it in a Gauntlet)
 29152 | Gauntlet | Found a transporter.
 29191 | Gauntlet | Identified the +5 glaive of a wizard's laboratory {holy,
                  | rF++ MR+ MP+9 Stlth-}
 29211 | Gauntlet | Identified the Compendium of the Entourage and
                  | Transmigration
 29308 | Gauntlet | Found a transporter.
 29502 | Lair:4   | Identified the ring of the Salmon {Int+2 Dex+6} (You found
                  | it in a Gauntlet)
 29512 | Lair:4   | Found a staircase to the Shoals.
 29537 | Lair:4   | Noticed Snorg
 29561 | Lair:4   | Killed Snorg
 30173 | Lair:4   | Received a gift from Trog
 31425 | Orc:1    | Entered Level 1 of the Orcish Mines
 31548 | Orc:2    | Entered Level 2 of the Orcish Mines
 31548 | Orc:2    | Found a staircase to the Elven Halls.
 31782 | Orc:2    | Found a runed translucent gate.
 31783 | Orc:2    | Found a runed translucent gate.
 31784 | Orc:2    | Found a runed translucent gate.
 31785 | Orc:2    | Noticed p0werm0de's ghost (journeyman MiFi)
 31860 | Orc:2    | Killed p0werm0de's ghost
 31894 | Orc:2    | Acquired a manual of Slings
 32038 | Orc:2    | Paralysed by an orc sorcerer for 5 turns
 32060 | Orc:2    | Received a gift from Trog
 32111 | Orc:2    | Paralysed by an orc sorcerer for 4 turns
 32837 | Orc:2    | Found Vaarruxt's Armour Emporium.
 32837 | Orc:2    | Found Qeecreyrch's Assorted Antiques.
 32840 | Orc:2    | Found Datie's General Store.
 32840 | Orc:2    | Found Coniwewe's Distillery.
 32846 | Orc:2    | Bought a +2 pair of gloves of strength for 344 gold pieces
 32860 | Orc:2    | Bought a scroll of blinking for 112 gold pieces
 32860 | Orc:2    | Bought a scroll of identify for 30 gold pieces
 32861 | Orc:2    | Bought a potion of mutation for 104 gold pieces
 32863 | Orc:2    | Bought a scroll of enchant armour for 127 gold pieces
 32863 | Orc:2    | Bought 2 potions of curing for 102 gold pieces
 33083 | Orc:1    | Noticed Nergalle
 33096 | Orc:1    | Killed Nergalle
 33171 | Orc:1    | Reached XP level 17. HP: 88/119 MP: 17/17
 33974 | Elf:1    | Entered Level 1 of the Elven Halls
 33978 | Elf:1    | Reached skill level 14 in Slings
 33987 | Elf:1    | Received a gift from Trog
 34383 | Elf:1    | Noticed Frances
 34413 | Elf:1    | Killed Frances
 34893 | Elf:1    | Reached skill level 15 in Slings
 35482 | Elf:1    | You fall into a shaft and drop 1 floor!
 35487 | Elf:2    | Cast into level 2 of the Abyss (a deep elf demonologist)
 35508 | Elf:2    | Escaped the Abyss
 35698 | Elf:2    | Reached skill level 16 in Slings
 35912 | Elf:2    | Received a gift from Trog
 36358 | Elf:2    | Found a huge runed translucent gate.
 36360 | Elf:2    | Found a huge runed translucent gate.
 36363 | Elf:2    | Found a huge runed translucent gate.
 36364 | Elf:2    | Found a huge runed translucent gate.
 36364 | Elf:2    | Found a huge runed translucent gate.
 36692 | Elf:2    | Reached XP level 18. HP: 128/128 MP: 18/18
 36748 | Elf:2    | Reached skill level 17 in Slings
 37725 | Elf:3    | Entered Level 3 of the Elven Halls
 38576 | Elf:3    | Found Niuparau's Gadget Boutique.
 38986 | Elf:3    | Noticed a deep elf blademaster
 38992 | Elf:3    | Reached skill level 18 in Slings
 39015 | Elf:3    | Killed a deep elf blademaster
 39015 | Elf:3    | Received a gift from Trog
 39031 | Elf:3    | Noticed a deep elf master archer
 39069 | Elf:3    | Killed a deep elf master archer
 39076 | Elf:3    | Cast into level 3 of the Abyss (a deep elf demonologist)
 39076 | Abyss:3  | Found a corrupted altar of Lugonu.
 39149 | Abyss:3  | Noticed an Executioner
 39153 | Abyss:3  | Found a corrupted altar of Lugonu.
 39451 | Abyss:3  | Noticed a bone dragon
 39457 | Abyss:3  | Noticed a bone dragon
 39462 | Abyss:3  | Found a corrupted altar of Lugonu.
 39514 | Abyss:3  | Found a sparkling altar of Nemelex Xobeh.
 39694 | Elf:3    | Escaped the Abyss
 39817 | Elf:3    | Reached skill level 19 in Slings
 39846 | Elf:3    | Identified the ring of Sereo {Ice Str+4}
 40087 | Elf:3    | Reached skill level 10 in Evocations
 40103 | Elf:3    | Reached XP level 19. HP: 135/135 MP: 19/19
 40126 | Elf:3    | Identified the amulet of Lubroc {Spirit Str+2 Dex+4}
 40182 | Elf:3    | Identified the +5 morningstar of Tauxzon {antimagic, +Inv}
 40196 | Elf:3    | Received a gift from Trog
 40199 | Elf:3    | Identified the +4 dagger of Sudden Death {vorpal, Int+3}
                  | (Trog gifted it to you on level 3 of the Elven Halls)
 40343 | Elf:3    | Cast into level 2 of the Abyss (a deep elf sorcerer)
 40703 | Abyss:2  | Paralysed by you for 4 turns
 40959 | Abyss:2  | Paralysed by accursed screaming for 1 turns
 40972 | Abyss:2  | Paralysed by accursed screaming for 1 turns
 41168 | Elf:3    | Escaped the Abyss
 41220 | Elf:3    | Noticed a deep elf blademaster
 41239 | Elf:3    | Killed a deep elf blademaster
 41246 | Elf:3    | Reached skill level 20 in Slings
 41393 | Elf:3    | Noticed a Hell Sentinel
 41605 | Elf:3    | Identified the +8 war axe of the Lesser Evil {pain, Dex+2}
 41605 | Elf:3    | Identified the +3 leather armour "Ofystof" {Int+4}
 41610 | Elf:3    | Identified the +3 scimitar of Demonkind {vorpal, *Slow
                  | rElec Int+3 Stlth+}
 42260 | Elf:1    | Received a gift from Trog
 42694 | Snake:1  | Entered Level 1 of the Snake Pit
 42694 | Snake:1  | Found Pettomiz's Magic Scroll Emporium.
 43466 | Snake:1  | Found a runed translucent door.
 43477 | Snake:1  | Noticed Reel's ghost (journeyman DsBe)
 43496 | Snake:1  | Killed Reel's ghost
 44227 | Snake:2  | Found Fachihamon's Antique Weapon Shoppe.
 44227 | Snake:2  | Found Dolliodo's Magic Scroll Emporium.
 44258 | Snake:2  | Reached skill level 21 in Slings
 44306 | Snake:2  | Received a gift from Trog
 44367 | Snake:2  | Reached XP level 20. HP: 80/144 MP: 15/20
 44632 | Snake:2  | Bought a scroll of brand weapon for 340 gold pieces
 44632 | Snake:2  | Bought a scroll of enchant weapon for 127 gold pieces
 45074 | Snake:3  | Noticed Vashnia
 45113 | Snake:3  | Killed Vashnia
 45369 | Snake:3  | Noticed Donald
 45393 | Snake:3  | Killed Donald
 45724 | Snake:3  | Received a gift from Trog
 47019 | Snake:4  | Entered Level 4 of the Snake Pit
 47657 | Snake:4  | Found a runed translucent gate.
 47658 | Snake:4  | Found a runed translucent gate.
 47658 | Snake:4  | Found a runed translucent gate.
 48191 | Snake:4  | Reached skill level 15 in Fighting
 48201 | Snake:4  | Received a gift from Trog
 48283 | Snake:4  | Identified the +1 plate armour "Fouwesut" {rC- Str-3 Int+5
                  | Slay+6}
 48455 | Snake:4  | Reached skill level 15 in Shields
 48761 | Snake:4  | Reached XP level 21. HP: 133/151 MP: 19/21
 49392 | Snake:4  | Got a serpentine rune of Zot
 49694 | Shoals:1 | Entered Level 1 of the Shoals
 50550 | Shoals:2 | Noticed Louise
 50567 | Shoals:2 | Cast into level 3 of the Abyss (Louise)
 50907 | Abyss:3  | Received a gift from Trog
 50986 | Abyss:3  | Noticed a bone dragon
 51026 | Abyss:3  | Killed a bone dragon
 51369 | Shoals:2 | Escaped the Abyss
 51377 | Shoals:2 | Killed Louise
 51747 | Shoals:2 | Noticed Ilsuiw
 51787 | Shoals:2 | Killed Ilsuiw
 51931 | Shoals:2 | Received a gift from Trog
 52425 | Shoals:2 | Found Otsav Zue's Weapon Shoppe.
 52876 | Shoals:3 | Noticed Bai Suzhen
 52900 | Shoals:3 | Killed Bai Suzhen
 53398 | Shoals:3 | Reached XP level 22. HP: 155/159 MP: 20/22
 53549 | Shoals:4 | Entered Level 4 of the Shoals
 53921 | Shoals:4 | Received a gift from Trog
 54748 | Shoals:4 | Killed from afar by a water nymph

Illustrated notes

Levels and vault maps discovered:
D:1:      scummos_arrival_simple_fountains, layout_basic
D:2:      layout_basic, minmay_overflow_temple_hex, uniq_jessica
D:3:      layout_basic
D:4:      layout_basic, serial_shops, nicolae_shop_stone,
          grunt_decor_mini_mirrors, minmay_misc_feat_hallway, uniq_ijyb
D:5:      layout_loops_corners, chequers_temple_overflow_minitemple,
          uniq_menkaure, uniq_eustachio
D:6:      layout_basic, minmay_temple_entry_mist, kennysheep_dice, uniq_duvessa
D:7:      lemuel_slime, layout_gridville
D:8:      layout_basic, enter_bailey_2
D:9:      layout_rooms, corexii_leaking_fountain, nicolae_dithmenos_the_darkroom
D:10:     layout_basic, erik_lair_island, serial_curves, eino_curves_03,
          eino_curves_04, eino_curves_01, eino_curves_04, serial_shops,
          nicolae_shop_stone, shop, nicolae_shop_competitors_out_of_business,
          shop, nicolae_shop_trees, uniq_harold
D:11:     layout_long_grid, orc_david_3, kennysheep_small_spiral
D:12:     layout_loops_ring
D:13:     layout_basic, david_vaults_3, serial_shops, shop,
          nicolae_shop_behind_doors, nicolae_shop_waterfront
D:14:     layout_roguey [special_room_mythical_zoo], kennysheep_flooded_box,
          hangedman_ranch [blue_anna_fruit_fields]
D:15:     hangedman_depths_entry_try_elsewhere_first, layout_long_grid
Lair:1:   layout_chaotic_city, enter_volcano_2, minmay_lair_oklob_chamber
Lair:2:   layout_big_grid, guppyfry_snake_entry_island, uniq_maggie
Lair:3:   layout_cave_pods, basic_altar, chequers_serial_rivers_small_b,
          patterned_corridor, grunt_megastairs_5
Lair:4:   layout_loops_ring, minmay_shoals_entry_beasts, gauntlet_entry_generic,
          special_room [special_room_bee], uniq_snorg
Lair:5:   layout_loops_ring, slime_altar_1, kennysheep_catoblepas_arena
Lair:6:   hangedman_lair_in_review, layout_loops_ring, guppyfry_lair_end_dragon,
          uniq_nessos
Shoals:1: layout_shoals
Shoals:2: layout_shoals, portal_ice_cave_entry_pillars_three, serial_shops,
          nicolae_shop_behind_doors, uniq_louise, uniq_ilsuiw
Shoals:3: layout_shoals, uniq_bai_suzhen
Shoals:4: shoals_end_hangedman, layout_shoals
Snake:1:  layout_chambers, serial_shops, shop, ebering_ghost_reflecting_pool
Snake:2:  layout_onion, eino_curves_01, st_stairs_3, minmay_shoptagon
Snake:3:  layout_basic, nicolae_coiled_stairwell_up, uniq_donald, uniq_vashnia
Snake:4:  snake_pit, layout_misc_corridors, nicolae_snake_horde_hoard
Orc:1:    nicolae_orc_accident_3, layout_diamond_mine, uniq_nergalle
Orc:2:    grunt_orc_tribal_feast, layout_caves, gammafunk_ghost_split,
          statue_in_the_mist_lemuel
Elf:1:    minmay_elf_arrival_summoners, layout_geoelf_grid,
          minmay_elf_demonology, hangedman_decor_cross_pass, uniq_frances
Elf:2:    layout_geoelf_diagonals
Elf:3:    minmay_elf_hall_quartered_circle, layout_gridlike, serial_shops,
          nicolae_shop_temple_entry_statues_fountains,
          serial_sigils_hangedman_confine, st_stairs_6

Skill      XL: |  1  2  3  4  5  6  7  8  9 10 11 12 13 14 15 16 17 18 19 20 21 22 |
---------------+-------------------------------------------------------------------+-----
Shields        | 1 2 3 4 5 6 7 8 9 10 11 12 13 14 15 16 | 16.5
Short Blades   | 4 5 6 7 8 10 11 12 | 12.7
Fighting       | 3 4 5 6 7 8 9 11 12 13 14 15 16 | 16.1
Slings         | 1 2 3 4 6 7 9 10 11 12 13 16 19 21 | 21.9
Armour         | 3 4 5 7 10 12 14 15 16 17 18 | 18.5
Dodging        | 3 4 5 8 11 13 15 16 17 18 19 | 19.1
Evocations     | 3 5 7 8 9 10 11 12 | 12.0

Action                   |  1- 3 |  4- 6 |  7- 9 | 10-12 | 13-15 | 16-18 | 19-21 | 22-24 || total
-------------------------+-------+-------+-------+-------+-------+-------+-------+-------++-------
Melee: Short sword       |    73 |   242 |   176 |       |       |       |       |       ||   491
       Rapier            |       |       |   228 |   213 |       |       |       |       ||   441
       Quick blade       |       |       |       |   391 |  1866 |  2043 |  2361 |   470 ||  7131
       Unarmed           |       |       |       |       |       |       |     7 |       ||     7
 Fire: Hunting sling     |       |    13 |    11 |   387 |    43 |       |   167 |    12 ||   633
Invok: Berserk           |     2 |     6 |     7 |    15 |    11 |     9 |     6 |       ||    56
       Trog's Hand       |       |       |     2 |     4 |     3 |     5 |     4 |       ||    18
       Brothers in Arms  |       |       |       |       |     1 |     1 |       |       ||     2
Evoke: Condenser vane    |       |       |       |       |     1 |     1 |     1 |       ||     3
       Lightning rod     |       |       |       |       |       |     1 |       |       ||     1
       Tin of tremorston |       |       |       |       |       |       |     1 |       ||     1
  Use: Scroll            |       |       |     1 |    22 |     8 |    13 |    16 |     3 ||    63
       Potion            |       |       |       |       |     1 |     3 |       |       ||     4
 Stab: Sleeping          |       |     2 |     1 |       |       |       |       |       ||     3
       Distracted        |       |       |       |       |       |     1 |     1 |       ||     2
Armor: Robe              |     7 |    26 |    18 |       |       |       |       |       ||    51
       Chain mail        |       |       |    35 |    16 |       |       |       |       ||    51
       Plate armour      |       |       |       |    87 |   218 |   333 |    29 |       ||   667
       Gold dragon scale |       |       |       |       |       |       |   242 |    97 ||   339
Dodge: Dodged            |    45 |   164 |   190 |   233 |   610 |   863 |   775 |   263 ||  3143
Block: Buckler           |    13 |    47 |    96 |   135 |   320 |   419 |    33 |       ||  1063
       Kite shield       |       |       |       |       |       |       |   954 |   390 ||  1344
       Reflection        |       |       |       |       |       |       |       |    35 ||    35

Table legend: (Time is in decaauts)
 A = Elapsed time spent in this place.
 B = Non-inter-level travel time spent in this place.
 C = Inter-level travel time spent in this place.
 D = Time resting spent in this place.
 E = Time spent auto-exploring this place.
 F = Levels seen in this place.
 G = Mean time per level.
                   A        B        C        D        E       F      G
               +--------+--------+--------+--------+--------+-----+--------+
         Total |  50452 |  48106 |   2346 |   8468 |  29125 |  41 | 1230.5 |
       Dungeon |  19824 |  18946 |    878 |   4144 |  11381 |  15 | 1321.6 |
          Lair |   7050 |   6633 |    417 |    772 |   4716 |   6 | 1175.0 |
        Shoals |   3857 |   3723 |    134 |     86 |   2716 |   4 |  964.2 |
     Snake Pit |   6150 |   5847 |    303 |    303 |   4504 |   4 | 1537.5 |
  Orcish Mines |   2352 |   1985 |    367 |    319 |   1207 |   2 | 1176.0 |
   Elven Halls |   6324 |   6079 |    245 |   1235 |   3589 |   3 | 2108.0 |
         Abyss |   1912 |   1912 |      0 |    298 |    874 |   4 |  478.0 |
        Bailey |   1678 |   1678 |      0 |    782 |      0 |   1 | 1678.0 |
       Volcano |    888 |    888 |      0 |    524 |     48 |   1 |  888.0 |
      Gauntlet |    412 |    412 |      0 |      2 |     89 |   1 |  412.0 |
               +--------+--------+--------+--------+--------+-----+--------+

Top non-repeatable levels by time:
   Elf:3: 2638 daAuts
  Lair:6: 2280 daAuts
 Snake:4: 2195 daAuts
   Elf:2: 1927 daAuts
    D:15: 1903 daAuts
    D:13: 1847 daAuts
     D:7: 1794 daAuts
 Snake:3: 1764 daAuts
   Elf:1: 1759 daAuts
     D:3: 1749 daAuts
  Bailey: 1678 daAuts
     D:5: 1608 daAuts
   Orc:2: 1602 daAuts
    D:14: 1580 daAuts
    D:11: 1451 daAuts
